 Dungeon Crawl Stone Soup version 0.29-a0-649-g45c230d69a (webtiles) character file.

Game seed: 13352396901161012308

217 Essalna the Conjurer (level 5, -11/32 HPs)
             Began as a Tengu Conjurer on June 21, 2022.
             Killed from afar by Ijyb (12 damage)
             ... with an iceblast
             ... on level 3 of the Dungeon.
             The game lasted 00:04:22 (3853 turns).

Essalna the Conjurer (Tengu Conjurer)               Turns: 3853, Time: 00:04:22

Health: -11/32     AC:  2    Str:  7    XL:     5   Next: 94%
Magic:  11/11      EV: 14    Int: 21    God:
Gold:   106        SH:  4    Dex: 12    Spells: 7/10 levels left

rFire   . . .      SeeInvis .   (no weapon)
rCold   . . .      Faith    .   d - +0 buckler
rNeg    . . .      Spirit   .   a - +0 robe
rPois   .          Reflect  .   (helmet restricted)
rElec   .          Harm     .   (no cloak)
rCorr   .          Rampage  .   (no gloves)
Will    .....                   (boots unavailable)
Stlth   ++........              (no amulet)
HPRegen 0.10/turn               (no ring)
MPRegen 0.12/turn               (no ring)

@: flying quickly and evasively, quick
A: beak, talons 3, nimble flight
a: no special abilities


You were on level 3 of the Dungeon.
You visited 1 branch of the dungeon, and saw 3 of its levels.

You collected 106 gold pieces.

Inventory:

Armour
 a - a +0 robe (worn)
 d - a +0 buckler (worn)
Scrolls
 i - a scroll of immolation {unknown}
 j - a scroll of poison {unknown}
 k - 2 scrolls of silence {unknown}
 l - a scroll of noise {unknown}
 m - 2 scrolls of enchant armour {unknown}
 p - a scroll of enchant weapon {unknown}
 q - a scroll of teleportation
 r - a scroll of vulnerability {unknown}
Potions
 b - a potion of magic
 c - a potion of lignification {unknown}
 e - a potion of brilliance {unknown}
 f - a potion of heal wounds {unknown}
 g - a potion of flight {unknown}
 h - 4 potions of curing {unknown}
 n - 4 potions of haste {unknown}
 o - a potion of attraction {unknown}


   Skills:
 + Level 2.8 Fighting
 - Level 2.1 Dodging
 - Level 2.0 Stealth
 + Level 1.3 Shields
 + Level 3.4 Spellcasting
 + Level 6.6 Conjurations


You had 7 spell levels left.
You knew the following spells:

 Your Spells              Type           Power      Damage    Failure   Level
a - Magic Dart            Conj           100%       1d8       1%          1
b - Searing Ray           Conj           62%        2d6       1%          2

Your spell library contained the following spells:

 Spells                   Type           Power      Damage    Failure   Level
 Shock                    Conj/Air       68%        1d7       4%          1
 Dazzling Flash           Conj/Hex       34%        N/A       13%         3
 Fulminant Prism          Conj/Hex       8%         3d7       38%         4
 Iskenderun's Mystic Bla  Conj/Tloc      17%        2d5       38%         4
 Swiftness                Air            3%         N/A       45%         3
 Airstrike                Air            1%         N/A       86%         4


Dungeon Overview and Level Annotations

Branches:
Dungeon (3/15)

Altars:

Shops:
D:1 =

Annotations:
D:3 Ijyb


Innate Abilities, Weirdness & Mutations

You have a beak for a mouth.
You have claws for feet.
Your magical nature lets you fly swiftly and evasively.


Message History

The adder poisons you!
The magic dart hits the adder.
The adder is almost dead.
You feel very sick. The adder completely misses you.
The magic dart hits the adder.
You kill the adder!
You feel sick.
You can't see any susceptible monsters within range! (Use Z to cast anyway.)
You can't see any susceptible monsters within range! (Use Z to cast anyway.)
You feel sick.
You feel sick.
You feel sick.
You feel sick.
You feel sick.
You feel sick.
You are no longer poisoned.
Key pressed, stopping explore.
You see here an adder corpse.
Key pressed, stopping explore.
A ball python comes into view.
The ball python hisses angrily.
The magic dart hits the ball python.
The ball python is severely wounded.
The magic dart hits the ball python!
You kill the ball python!
You can't see any susceptible monsters within range! (Use Z to cast anyway.) Key pressed, stopping explore.
r - a scroll labelled VOSY OCREIQ Ijyb the Twisted Goblin comes into view.
She is wielding a +0 dagger and carrying a wand of iceblast (6).
Ijyb is nearby!
The magic dart hits Ijyb.
Ijyb is lightly wounded.
Ijyb zaps a wand.
The mass of ice explodes!
The iceblast engulfs you! Ijyb screams, "Me stronger than you!"
Ijyb zaps a wand.
The mass of ice explodes!
The iceblast engulfs you!
Ijyb zaps a wand.
The mass of ice explodes!
The iceblast engulfs you!
* * * LOW HITPOINT WARNING * * *
Ijyb zaps a wand.
The mass of ice explodes!
The iceblast engulfs you!
You die...

#..... ...#####
#####..#####..##..
########.........##..##.#
#....g...g.#..##.##..##.###
#......##...#...#..........#
#..###.#####.....###..##.#.# #.
#.# ##.........##.#.# #.#
##.#####.###.#.###.# #.#.##.#
#..@....###.......# .#.##.#
#.######...##.##### .....# ##+##
##.....#.# #.# ##...###........#
#.## ##....†##........# ###..##
##.......#.......##
#.....####.........#......#######
#........'.........+.............
#†#...####.........###....######.


You could see Ijyb.

Vanquished Creatures
  An ogre (D:3)
  7 adders
  4 dart slugs
  5 ball pythons
  7 bats
  4 endoplasms
  2 hobgoblins
  4 jackals (D:2)
  3 kobolds
  4 quokkas
  4 frilled lizards
  10 goblins
  5 rats
60 creatures vanquished.

Notes
Turn   | Place    | Note
-------+----------+-------------------------------------------
     0 | D:1      | Essalna the Tengu Conjurer began the quest for the Orb.
     0 | D:1      | Reached XP level 1. HP: 10/10 MP: 4/4
   196 | D:1      | Reached XP level 2. HP: 7/16 MP: 0/6
   455 | D:1      | Reached skill level 1 in Fighting
   609 | D:1      | Found Zicveida's Jewellery Shoppe.
   814 | D:1      | Reached XP level 3. HP: 20/20 MP: 3/7
   817 | D:1      | Learned a level 2 spell: Searing Ray
  1851 | D:2      | Reached skill level 6 in Conjurations
  1863 | D:2      | Reached XP level 4. HP: 16/26 MP: 1/9
  3145 | D:3      | Noticed a floating eye
  3147 | D:3      | Found a faded altar of an unknown god.
  3153 | D:3      | Gained mutation: Your magical nature lets you fly swiftly
                  | and evasively. [Tengu growth]
  3153 | D:3      | Reached XP level 5. HP: 30/30 MP: 4/10
  3216 | D:3      | Noticed a golden eye
  3216 | D:3      | Noticed a shining eye
  3216 | D:3      | Noticed a golden eye
  3390 | D:3      | Noticed an ogre
  3397 | D:3      | Killed an ogre
  3398 | D:3      | Reached skill level 1 in Shields
  3839 | D:3      | Noticed Ijyb
  3850 | D:3      | HP: 1/32 [Ijyb/iceblast (9)]
  3853 | D:3      | Killed from afar by Ijyb

Illustrated notes

Levels and vault maps discovered:
D:1:      shiori_shiawase, layout_basic, serial_shops, shop
D:2:      minmay_inner_zag, layout_loops_ring, minmay_statues_item,
          grunt_ministairs_14
D:3:      layout_loops_corners, hellmonk_ecumenical_altar_watching_god,
          uniq_ijyb

Skill      XL: |  1  2  3  4  5 |
---------------+----------------+-----
Fighting       | 1 2 |  2.8
Conjurations   | 6 |  6.6
Spellcasting   | 3 |  3.4
Shields        | 1 |  1.3
Dodging        | |  2.1
Stealth        | |  2.0

Action                   |  1- 3 |  4- 6 || total
-------------------------+-------+-------++-------
Melee: Unarmed           |     1 |       ||     1
       Kick              |     1 |       ||     1
 Cast: Magic Dart        |    63 |    60 ||   123
       Searing Ray       |     1 |     2 ||     3
  Use: Scroll            |       |     1 ||     1
Armor: Robe              |     5 |     4 ||     9
Dodge: Dodged            |     9 |    12 ||    21
Block: Buckler           |       |     1 ||     1

Table legend: (Time is in decaauts)
 A = Elapsed time spent in this place.
 B = Non-inter-level travel time spent in this place.
 C = Inter-level travel time spent in this place.
 D = Time resting spent in this place.
 E = Time spent auto-exploring this place.
 F = Levels seen in this place.
 G = Mean time per level.
                   A        B        C        D        E       F      G
               +--------+--------+--------+--------+--------+-----+--------+
         Total |   3815 |   3727 |     88 |      0 |   3432 |   3 | 1271.7 |
       Dungeon |   3815 |   3727 |     88 |      0 |   3432 |   3 | 1271.7 |
               +--------+--------+--------+--------+--------+-----+--------+

Top non-repeatable levels by time:
     D:2: 1693 daAuts
     D:1: 1386 daAuts
     D:3: 736 daAuts
